 Dungeon Crawl Stone Soup version 0.20-a0-537-g052e6ba (webtiles) character file.

2193 Amnesiac the Vexing (level 9, -4/57 HPs)
             Began as a Mummy Enchanter on Jan 27, 2017.
             Was an Initiate of Gozag.
             Shot with a sling bullet by Joseph (19 damage)
             ... on level 7 of the Dungeon.
             The game lasted 00:21:59 (7750 turns).

Amnesiac the Vexing (Mummy Enchanter)               Turns: 7750, Time: 00:22:00

Health: -4/57      AC: 12    Str: 10    XL:     9   Next: 12%
Magic:  10/18      EV: 10    Int: 17    God:    Gozag
Gold:   550        SH:  3    Dex: 16    Spells: 5/20 levels left

rFire    x . .     SeeInvis .   A - +0 dagger "Omelette" {pierce, rN+ Str-2 Dex+4}
rCold    + + .     Gourm    .   h - +2 ring mail {rF+}
rNeg     + + +     Faith    .   (no shield)
rPois    ∞         Spirit   .   j - +0 helmet
rElec    .         Reflect  +   (no cloak)
rCorr    .         Harm     .   y - +1 pair of gloves
MR       +....                  (no boots)
Stlth    ++........             a - +3 amulet of reflection
Regen    0.2/turn               w - ring of ice
                                g - +2 ring of protection

@: no status effects
A: no food or potions, fire vulnerability, cold resistance 1, negative energy
resistance 3, torment resistance, unbreathing
a: Potion Petition, Call Merchant, Bribe Branch, Renounce Religion


You were on level 7 of the Dungeon.
You worshipped Gozag.
Gozag was pleased with you.
You were not hungry.

You visited 1 branch of the dungeon, and saw 7 of its levels.

You collected 878 gold pieces.
You spent 248 gold pieces at shops.
You paid 80 gold pieces to Gozag.

Inventory:

Hand Weapons
 s - a +2 hand axe of electrocution
 A - the +0 dagger "Omelette" (weapon) {pierce, rN+ Str-2 Dex+4}
   (You found it on level 6 of the Dungeon)

   It inflicts extra damage upon your enemies.
   It affects your strength (-2).
   It affects your dexterity (+4).
   It protects you from negative energy.
Missiles
 i - 2 throwing nets (quivered)
Armour
 h - a +2 ring mail of fire resistance (worn)
 j - a +0 helmet (worn)
 y - a +1 pair of gloves (worn)
Jewellery
 a - a +3 amulet of reflection (around neck)
 b - an uncursed amulet of magic regeneration
 g - a +2 ring of protection (left hand)
 w - a ring of ice (right hand)
Wands
 z - a wand of digging (12/24)
Scrolls
 e - 3 scrolls of remove curse
 f - 2 scrolls of amnesia
 k - 2 scrolls of blinking
 l - 2 scrolls of enchant weapon
 p - 2 scrolls of magic mapping
 q - 3 scrolls of recharging
 t - 3 scrolls of immolation
 u - a scroll of fear
 v - 3 scrolls of teleportation
 B - a scroll of vulnerability
Books
 c - a book of Maledictions

   Spells                             Type                      Level
   a - Corona                         Hexes                        1
   b - Ensorcelled Hibernation        Hexes/Ice                    2
   c - Confuse                        Hexes                        3
   d - Tukima's Dance                 Hexes                        3
   e - Dazzling Spray                 Conjuration/Hexes            3
 m - a book of Cantrips

   Spells                             Type                      Level
   a - Confusing Touch                Hexes                        1
   b - Animate Skeleton               Necromancy                   1
   c - Summon Small Mammal            Summoning                    1
   d - Apportation                    Translocation                1
 x - a book of Minor Magic

   Spells                             Type                      Level
   a - Magic Dart                     Conjuration                  1
   b - Blink                          Translocation                2
   c - Call Imp                       Summoning                    2
   d - Repel Missiles                 Charms/Air                   2
   e - Slow                           Hexes                        2
   f - Conjure Flame                  Conjuration/Fire             3
   g - Mephitic Cloud                 Conjuration/Poison/Air       3


   Skills:
 + Level 6.0 Short Blades
 - Level 1.5 Dodging
 * Level 5.0 Stealth
 - Level 6.0 Spellcasting
 - Level 7.0 Hexes


You had 5 spell levels left.
You knew the following spells:

 Your Spells              Type           Power        Failure   Level  Hunger
a - Repel Missiles        Chrm/Air       #.....       52%         2    N/A
b - Dazzling Spray        Conj/Hex       ###...       24%         3    N/A
c - Apportation           Tloc           #.....       34%         1    N/A
e - Confuse               Hex            ####....     6%          3    N/A
f - Corona                Hex            ####...      1%          1    N/A
w - Tukima's Dance        Hex            ####....     6%          3    N/A
z - Ensorcelled Hibernat  Hex/Ice        ####..       12%         2    N/A

Dungeon Overview and Level Annotations

Branches:
Dungeon (7/15)
 Temple: D:4-7

Altars:
Ashenzari
Dithmenos
Gozag
Kikubaaqudgha
Nemelex Xobeh
Trog
Uskayaw
Vehumet
Xom
Zin

Shops:
D:4 :   D:5 =?*=

Annotations:
D:7 Joseph


Innate Abilities, Weirdness & Mutations

You do not eat or drink.
Your flesh is vulnerable to fire.
You are immune to poison.
Your flesh is cold resistant. (rC+)
You are immune to negative energy. (rN+++)
You are immune to unholy pain and torment.
You can survive without breathing.


Message History

Joseph wields an uncursed quarterstaff of holy wrath.
It softly glows with a divine radiance!
Joseph hits you with an uncursed quarterstaff of holy wrath!
You convulse.
Casting: Confuse
Confirm with . or Enter, or press ? or * to list all spells.
Aiming: Tukima's Dance
Press: ? - help, Shift-Dir - straight line, f/p - Joseph
Aim: Joseph, wielding a quarterstaff of holy wrath and wearing a runed ring mail (chance to defeat MR: 51%) Joseph resists with significant effort.
Joseph hits you with an uncursed quarterstaff of holy wrath!
You convulse!
* * * LOW HITPOINT WARNING * * *
Unknown command.
Joseph unwields an uncursed quarterstaff of holy wrath.
It stops glowing.
Joseph wields an uncursed hunting sling.
Joseph shoots a sling bullet.
The sling bullet hits you!!
You die...
Your body crumbles into a pile of gold.

#........##.# #
#.###..<.....##.#
.#.........#.##.#
#.####.....#.##.#
#.#..............
#.#.#.##.##.###.#
# #.........#.###
#.##..#.##......
#....@.....##.#
.....#.##.......#
#### #@#####.####
#.......##
######...# #...#
#...######.# $
#...........
#..(#####..#


You could see Joseph.

Vanquished Creatures
  Sigmund (D:2)
  A phantom (D:5)
  An orc warrior (D:6)
  2 ice beasts
  2 sky beasts
  3 ogres
  3 centaurs
  Blork the orc (D:4)
  A bullfrog (D:6)
  2 wights (D:6)
  3 crimson imps
  A bullfrog zombie (D:6)
  2 orc priests
  A centaur skeleton (D:7)
  A bullfrog skeleton (D:6)
  2 iguanas
  3 orc wizards
  A worker ant (D:5)
  A hound zombie (D:6)
  A worker ant zombie (D:5)
  8 gnolls
  10 adders
  3 worms
  A dart slug (D:2)
  3 leopard geckos
  27 orcs
  5 giant cockroaches
  12 goblins
  8 hobgoblins
  6 jackals
  7 kobolds
  4 quokkas
  5 ball pythons
  3 bats (D:2)
  6 frilled lizards
  9 rats
150 creatures vanquished.

Vanquished Creatures (collateral kills)
  3 wights (D:6)
  A gnoll (D:1)
4 creatures vanquished.

Vanquished Creatures (others)
  A dancing weapon (D:6)
1 creature vanquished.

Grand Total: 155 creatures vanquished

Notes
Turn   | Place    | Note
-------+----------+-------------------------------------------
     0 | D:1      | Amnesiac the Mummy Enchanter began the quest for the Orb.
     0 | D:1      | Reached XP level 1. HP: 13/13 MP: 4/4
    36 | D:1      | Reached skill level 1 in Short Blades
   525 | D:1      | Reached skill level 3 in Hexes
   712 | D:1      | Reached XP level 2. HP: 19/19 MP: 3/5
   716 | D:1      | Learned a level 2 spell: Ensorcelled Hibernation
  1968 | D:2      | Found an ancient bone altar of Kikubaaqudgha.
  1984 | D:2      | Noticed Sigmund
  2002 | D:2      | Reached XP level 3. HP: 20/24 MP: 2/7
  2007 | D:2      | Learned a level 3 spell: Confuse
  2187 | D:2      | Found a shattered altar of Ashenzari.
  2244 | D:2      | Learned a level 3 spell: Tukima's Dance
  2460 | D:2      | Reached XP level 4. HP: 26/30 MP: 1/9
  3653 | D:2      | Killed Sigmund
  3653 | D:2      | Reached skill level 5 in Hexes
  3653 | D:2      | Reached XP level 5. HP: 35/35 MP: 4/10
  3653 | D:2      | Reached XP level 6. HP: 41/41 MP: 4/11
  4182 | D:3      | Found a sparkling altar of Nemelex Xobeh.
  4436 | D:3      | Learned a level 1 spell: Apportation
  4440 | D:3      | Learned a level 3 spell: Dazzling Spray
  4662 | D:3      | Found a shimmering altar of Xom.
  4664 | D:3      | Found an iron altar of Okawaru.
  4664 | D:3      | Found a shimmering altar of Xom.
  4666 | D:3      | Found a glowing silver altar of Zin.
  4666 | D:3      | Found a glowing silver altar of Zin.
  4666 | D:3      | Found a shattered altar of Ashenzari.
  4684 | D:3      | Reached skill level 5 in Spellcasting
  4879 | D:4      | Reached XP level 7. HP: 38/46 MP: 8/14
  5176 | D:4      | Found Tenicwe's Book Shoppe.
  5185 | D:4      | Noticed Blork the orc
  5205 | D:4      | Killed Blork the orc
  5408 | D:4      | Found an opulent altar of Gozag.
  5514 | D:4      | Became a worshipper of Gozag Ym Sagoz the Greedy
  5527 | D:5      | Entered Level 5 of the Dungeon
  5589 | D:4      | Bought a book of Minor Magic for 200 gold pieces
  5638 | D:4      | Learned a level 2 spell: Repel Missiles
  5784 | D:5      | Found Soes's Magic Scroll Emporium.
  6074 | D:5      | Found Kazxiel's Assorted Antiques.
  6077 | D:5      | Bought a scroll labeled RUJOZ VENEOS for 24 gold pieces
  6077 | D:5      | Bought a scroll labeled RUJOZ VENEOS for 24 gold pieces
  6286 | D:5      | Reached XP level 8. HP: 52/52 MP: 10/15
  6489 | D:5      | Found Kameawae's Jewellery Shoppe.
  6551 | D:5      | Found Kiuroff's Jewellery Emporium.
  6643 | D:5      | Reached skill level 5 in Stealth
  6711 | D:6      | Reached skill level 5 in Short Blades
  6837 | D:6      | Got a pitted dagger
  6838 | D:6      | Identified the cursed +0 dagger "Omelette" {pierce, rN+ Str-2 Dex+4} (You found it on level 6 of the Dungeon)
  6851 | D:6      | Found a bloodstained altar of Trog.
  6933 | D:6      | Reached skill level 6 in Hexes
  6998 | D:6      | Found a hide-covered altar of Uskayaw.
  7001 | D:6      | Noticed a dagger
  7002 | D:6      | Noticed a hand axe
  7127 | D:6      | Reached skill level 7 in Hexes
  7327 | D:6      | Reached XP level 9. HP: 57/57 MP: 10/18
  7424 | D:6      | Found a radiant altar of Vehumet.
  7676 | D:7      | Found a shadowy altar of Dithmenos.
  7726 | D:7      | Noticed Joseph
  7750 | D:7      | Shot with a sling bullet by Joseph

Vault maps used:
D:1:      lightli_arrival_lavapool, minmay_door_square, minmay_split_cup_large
D:2:      lemuel_doored_altar, ashenzari_altar_1, uniq_sigmund
D:3:      nemelex_xobeh_ov_fountains_minmay, doesnt_xom_only_xom
D:4:      first_bread, serial_shops, shop_fountains, grunt_gozag_breadcrumbs,
          uniq_blork_the_orc
D:5:      serial_shops, kennysheep_mini_moat, nicolae_shop_stone,
          nicolae_shop_temple_entry_statues_fountains, shop
D:6:      nicolae_overflow_hidden_temple, fiery_altar_vehumet,
          dancing_weapons_uskayaw
D:7:      grunt_temple_overflow_gold_and_silver, grunt_dithmenos_smoke,
          minmay_temple_entry_statues_pillars, uniq_joseph

Skill      XL: |  1  2  3  4  5  6  7  8  9 |
---------------+----------------------------+-----
Short Blades   | 1 2 4 5 6 |  6.0
Hexes          | 3 5 7 |  7.0
Spellcasting   | 3 5 6 |  6.0
Stealth        | 4 5 |  5.0
Dodging        | |  1.5

Action                   |  1- 3 |  4- 6 |  7- 9 || total
-------------------------+-------+-------+-------++-------
Melee: Dagger            |   109 |   135 |   272 ||   516
       Mace              |       |     2 |       ||     2
 Cast: Corona            |     5 |       |     2 ||     7
       Ensorcelled Hiber |    24 |    42 |    73 ||   139
       Tukima's Dance    |       |     7 |    10 ||    17
       Confuse           |       |    11 |    35 ||    46
       Repel Missiles    |       |       |     1 ||     1
  Use: Scroll            |       |     2 |    12 ||    14
 Stab: Sleeping          |    15 |    33 |    39 ||    87
       Confused          |       |     4 |    14 ||    18
Armor: Robe              |     5 |       |       ||     5
       Ring mail         |    16 |    62 |   119 ||   197
Dodge: Dodged            |    59 |    68 |   109 ||   236
       Deflected         |       |       |     1 ||     1
Block: Other             |       |       |     1 ||     1
       Reflection        |       |       |     1 ||     1
